 Seeded DCSS version 0.29.1-15-g9cfb28693d (webtiles) character file.

Game seed: 1019281591211795276 (custom seed)

4 bmack86 the Shield-Bearer (level 1, 20/20 HPs)
             Began as a Minotaur Fighter on Apr 12, 2023.
             Quit the game on level 1 of the Dungeon.
             The game lasted 00:00:48 (142 turns).

bmack86 the Shield-Bearer (Minotaur Fighter)         Turns: 142, Time: 00:00:49

Health: 20/20      AC:  7    Str: 20    XL:     1   Next: 50%
Magic:  0/0        EV:  9    Int:  5    God:
Gold:   6          SH:  4    Dex:  9    Spells: 0/0 levels left

rFire   . . .      SeeInvis .   a - +0 war axe
rCold   . . .      Faith    .   c - +0 buckler
rNeg    . . .      Spirit   .   b - +0 scale mail
rPois   .          Reflect  .   (helmet restricted)
rElec   .          Harm     .   (no cloak)
rCorr   .          Rampage  .   (no gloves)
Will    .....                   (no boots)
Stlth   ..........              (no amulet)
HPRegen 0.06/turn               (no ring)
MPRegen 0.07/turn               (no ring)

@: no status effects
A: horns 2, retaliatory headbutt
a: no special abilities


You were on level 1 of the Dungeon.
You visited 1 branch of the dungeon, and saw 1 of its levels.

You collected 6 gold pieces.

Inventory:

Hand Weapons
 a - a +0 war axe (weapon)
Armour
 b - a +0 scale mail (worn)
 c - a +0 buckler (worn)
Jewellery
 h - the amulet of Ussodaor {Spirit Int+2}
   (You acquired it on level 1 of the Dungeon)

   [amulet of guardian spirit]

   It causes incoming damage to be divided between your reserves of health and
   magic.
   Int:       It affects your intelligence (+2).
Scrolls
 e - 2 scrolls of acquirement
 f - a scroll of identify {unknown}
Potions
 d - a potion of might
 g - a potion of haste {unknown}


   Skills:
 + Level 3.7 Fighting
 * Level 2.6 Axes
 + Level 3.7 Armour
 + Level 3.7 Shields


You couldn't memorise any spells.
You didn't know any spells.
Your spell library contained the following spells:

 Spells                   Type           Power      Damage    Failure   Level
 Apportation              Tloc           0%         N/A       89%         1
 Necrotise                Necr           0%         1d4       89%         1
 Summon Small Mammal      Summ           0%         N/A       89%         1


Dungeon Overview and Level Annotations

Branches:
Dungeon (1/15)

Altars:


Innate Abilities, Weirdness & Mutations

You have a pair of horns on your head.
You reflexively headbutt those who attack you in melee.


Message History

Found a stone staircase leading down.
f - a scroll labelled GEECE EXTEE You pick up a book of Cantrips and begin reading...
You add the spells Necrotise, Summon Small Mammal and Apportation to your library.
A hobgoblin comes into view.
The hobgoblin shouts!
A hobgoblin is nearby!
A hobgoblin is nearby!
You closely miss the hobgoblin. The hobgoblin hits you.
You closely miss the hobgoblin. Your headbutt misses the hobgoblin.
The hobgoblin hits you but does no damage.
The hobgoblin barely misses you.
You hit the hobgoblin.
The hobgoblin is lightly wounded.
The hobgoblin hits you but does no damage.
You slash the hobgoblin!
You kill the hobgoblin!
You see here a hobgoblin corpse.
HP restored.
g - a brown potion
Found a ring mail.
You now have 6 gold pieces.
A bat comes into view.
A bat is nearby!
The bat hits you but does no damage.
You closely miss the bat. Your headbutt misses the bat.
The bat hits you but does no damage. The bat hits you but does no damage. x2
You closely miss the bat. Your headbutt misses the bat.
The bat barely misses you. The bat misses you.
You barely miss the bat. The bat hits you but does no damage.
You block the bat's attack. The bat barely misses you.
You hit the bat. You headbutt the bat.
You kill the bat!
You see here a bat corpse.
This is a scroll of acquirement!
Something appears at your feet!
h - the amulet of Ussodaor {Spirit Int+2} Are you sure you want to abandon this character and quit the game? (Confirm with "yes".)

#.#.#..# #.#.#..#
#.#.#..# #.#.#.[#
# #.#.#..# .#
#.#.#..### ###.##
#†#......# ##.....
#.#......###..####
#@#............†.#
#.#......###.###.#
#.#......# #.#....
#.#......# #.#....
#.#....... ..#....
..#.#.###.####..[.
###.#.# >.....)...
. #. .#...#....
#...#....


There were no monsters in sight!

Vanquished Creatures
  A bat (D:1)
  An endoplasm (D:1)
  A hobgoblin (D:1)
3 creatures vanquished.

Notes
Turn   | Place    | Note
-------+----------+-------------------------------------------
     0 | D:1      | bmack86 the Minotaur Fighter began the quest for the Orb.
     0 | D:1      | Reached XP level 1. HP: 19/19 MP: 0/0
   140 | D:1      | Identified 3 scrolls of acquirement
   140 | D:1      | Acquired the amulet of Ussodaor {Spirit Int+2}
   142 | D:1      | Quit the game

Illustrated notes

Levels and vault maps discovered:
D:1:      wander_arrival_lonely_grave, layout_basic,
          shapermc_ecumenical_altar_hornbeckon, minmay_small_reverse_x

Action                   || total
-------------------------++-------
Melee: War axe           ||     9
       Headbutt          ||     1
  Use: Scroll            ||     1
Armor: Scale mail        ||     7
Dodge: Dodged            ||     5
Block: Buckler           ||     1
